 Dungeon Crawl Stone Soup version 0.24-a0-549-g45f0056d81 (webtiles) character file.

Game seed: 16372246594866360765

5 Ijustatesigmund the Skirmisher (level 1, -1/24 HPs)
             Began as an Ogre Fighter on Aug 20, 2019.
             Slain by a kobold
             ... wielding a +0 whip
              (4 damage)
             ... on level 1 of the Dungeon.
             The game lasted 00:00:33 (91 turns).

Ijustatesigmund the Skirmisher (Ogre Fighter)         Turns: 91, Time: 00:00:33

Health: -1/24      AC:  4    Str: 24    XL:     1   Next: 80%
Magic:  1/1        EV:  8    Int:  9    God:
Gold:   0          SH:  8    Dex:  8    Spells: 0/0 levels left

rFire    . . .     SeeInvis .   a - +0 flail
rCold    . . .     Gourm    .   c - +0 shield
rNeg     . . .     Faith    .   b - +0 robe
rPois    .         Spirit   .   (helmet restricted)
rElec    .         Reflect  .   e - +0 cloak
rCorr    .         Harm     .   (gloves unavailable)
MR       .....                  (boots unavailable)
Stlth    +.........             (no amulet)
HPRegen  0.08/turn              (no ring)
MPRegen  0.07/turn              (no ring)

@: mighty
A: large, unfitting armour, tough skin 1
a: no special abilities


You were on level 1 of the Dungeon.
You were not hungry.

You visited 1 branch of the dungeon, and saw 1 of its levels.

Inventory:

Hand Weapons
 a - a +0 flail (weapon)
Armour
 b - a +0 robe (worn)
 c - a +0 shield (worn)
 e - a +0 cloak (worn)
Scrolls
 h - 2 scrolls of remove curse {unknown}
Potions
 g - a potion of curing {unknown}
 i - a potion of haste {unknown}
 j - a potion of lignification {unknown}
Comestibles
 f - a ration


   Skills:
 + Level 4.1 Fighting
 * Level 2.1 Maces & Flails
 - Level 2.6 Dodging
 - Level 2.6 Shields


You couldn't memorise any spells.
You didn't know any spells.
Your spell library was empty.

Dungeon Overview and Level Annotations

Branches:
Dungeon (1/15)

Altars:


Innate Abilities, Weirdness & Mutations

You are too large for most types of armour.
You have tough skin. (AC +1)


Message History

The kobold barely misses you.
You barely miss the kobold. The kobold hits you but does no damage.
You miss the kobold. You block the kobold's attack.
You closely miss the kobold. You block the kobold's attack.
The kobold hits you with a +0 whip.
You closely miss the kobold. You block the kobold's attack.
You barely miss the kobold.
The frilled lizard hisses.
The kobold hits you but does no damage.
You closely miss the kobold.
The kobold hits you but does no damage. x2
You closely miss the kobold. You block the kobold's attack.
You closely miss the kobold. The kobold closely misses you.
You closely miss the kobold. You block the kobold's attack.
The kobold closely misses you.
You closely miss the kobold. The kobold hits you with a +0 whip.
* * * LOW HITPOINT WARNING * * *
You barely miss the kobold. You block the kobold's attack.
You barely miss the kobold. You block the kobold's attack.
The kobold hits you with a +0 whip.
You die...

##........⌠.........⌠......
##...⌠.................⌠..
###..........⌠..........#
#####...(.........#####
..(#######.#######
#................
.....#.##########
[..###l....... .
+@Kg....... ###(.......
#†....... ....####. .....#
......# ......?# .........
....###....


You could see a goblin, a kobold and a frilled lizard.

Vanquished Creatures
  A leopard gecko (D:1)
  A hobgoblin (D:1)
  2 bats (D:1)
  A frilled lizard (D:1)
5 creatures vanquished.

Notes
Turn   | Place    | Note
-------+----------+-------------------------------------------
     0 | D:1      | Ijustatesigmund the Ogre Fighter began the quest for the
                  | Orb.
     0 | D:1      | Reached XP level 1. HP: 24/24 MP: 1/1
    91 | D:1      | Slain by a kobold

Levels and vault maps discovered:
D:1:      dpeg_arrival_water_temple_mockup, layout_basic, minmay_crystal_water

Skill      XL: |  1 |
---------------+----+-----
Maces & Flails | 2 |  2.1
Fighting       | |  4.1
Dodging        | |  2.6
Shields        | |  2.6

Action                   || total
-------------------------++-------
Melee: Flail             ||    28
  Use: Potion            ||     1
Armor: Robe              ||    14
Dodge: Dodged            ||    18
Block: Shield            ||    19

Table legend:
 A = Non-vault XP
 B = Vault XP
 C = Vault XP percentage of total XP
 D = Non-vault monster count
 E = Vault monster count
 F = Vault count percentage of total count
                 A         B        C        D         E       F
            +---------+---------+-------+---------+---------+-------
      Total |       8 |       0 |   0.0 |       5 |       0 |   0.0
            +---------+---------+-------+---------+---------+-------
        D:1 |       8 |       0 |   0.0 |       5 |       0 |   0.0
            +---------+---------+-------+---------+---------+-------
